 Dungeon Crawl Stone Soup version 0.30-b1-2-g02819fbbbe (webtiles) character file.

Game seed: 6124231881523417852

150 greggregreg the Sneak (level 5, -1/37 HPs)
             Began as an Octopode Chaos Knight on May 7, 2023.
             Was a Plaything of Xom.
             Succumbed to an adder's poison
             ... on level 3 of the Dungeon.
             The game lasted 00:08:39 (1872 turns).

greggregreg the Sneak (Octopode Chaos Knight)       Turns: 1872, Time: 00:08:39

Health: -1/37      AC:  1    Str: 14    XL:     5   Next: 32%
Magic:  5/5        EV: 13    Int: 14    God:    Xom [..*...]
Gold:   100        SH:  0    Dex: 11    Spells: 4/4 levels left

rFire   . . .        a - +0 short sword (chaos)
rCold   . . .        (no shield)
rNeg    . . .        (helmet restricted)
rPois   .            (no amulet)
rElec   .            (no ring)
rCorr   .            (no ring)
SInv    +            (no ring)
Will    .....        (no ring)
Stlth   +++          (no ring)
HPRegen 0.26/turn    (no ring)
MPRegen 0.09/turn    (no ring)
                     (no ring)

%: no passive effects
@: lethally poisoned (-1 -> -6)
A: almost no armour, amphibious, 8 rings, camouflage 1, gelatinous body 1,
(nimble swimmer 1), tentacles, see invisible, teleportitis 1, wild magic 1
a: Renounce Religion


You were on level 3 of the Dungeon.
You worshipped Xom.
You were a toy of Xom.
You visited 1 branch of the dungeon, and saw 3 of its levels.

You collected 100 gold pieces.

Inventory:

Hand Weapons
 a - a +0 short sword of chaos (weapon)
 j - a +0 dagger
 k - a +0 club
Armour
 f - a +0 pair of gloves
Scrolls
 e - a scroll of enchant weapon {unknown}
 i - 2 scrolls of poison
 m - a scroll of enchant armour {unknown}
Potions
 d - 2 potions of haste
 g - a potion of resistance
 l - a potion of curing {unknown}
Miscellaneous
 b - a piece from Xom's chessboard (15/15) (quivered)


   Skills:
 + Level 3.8 Fighting
 + Level 3.9 Short Blades
 + Level 2.9 Dodging
 * Level 4.1 Stealth


You had 4 spell levels left.
You didn't know any spells.
Your spell library contained the following spells:

 Spells                   Type           Power      Damage    Failure   Level
 Necrotise                Necr           0%         1d4       36%         1
 Vampiric Draining        Necr           0%         2d6       73%         3
 Agony                    Necr           0%         N/A       100%        5


Dungeon Overview and Level Annotations

Branches:
Dungeon (3/15)

Altars:

Shops:
D:1 (   D:2 [?[[(

Portals:
Sewer: D:3


Innate Abilities, Weirdness & Mutations

You cannot wear most types of armour.
You are amphibious.
You can wear up to eight rings at the same time.
Your skin changes colour to match your surroundings (Stealth+).
Your rubbery body absorbs attacks. (AC +1, EV +1)
((You are camouflaged when in or above water. (Stealth+)))
You have tentacles for arms and can constrict up to eight enemies at once.
You have supernaturally acute eyesight. (SInv)
You are occasionally teleported next to monsters.
Your spells are a little harder to cast, but a little more powerful.


Message History

Your Stealth skill increases to level 4!
You hit the adder but do no damage.
The adder resists with some effort.
Your grab misses the adder. You squeeze the adder.
The adder is lightly wounded.
You feel sick. The adder closely misses you. The adder barely misses you.
You closely miss the adder. You grab the adder. Your squeeze misses the adder.
The adder is lightly wounded.
You constrict the adder, but do no damage.
You feel sick.
You are no longer poisoned.
The adder bites you.
* * * LOW HITPOINT WARNING * * *
The adder barely misses you.
You hit the adder.
The adder is poisoned.
The adder is moderately wounded.
You constrict the adder. The adder bites you.
* * * LOW HITPOINT WARNING * * *
You are poisoned.
The adder poisons you! The adder bites you.
* * * LOW HITPOINT WARNING * * *
You are more poisoned.
The adder poisons you!
You hit the adder.
The adder seems to slow down.
You freeze the adder. Your grab misses the adder.
The adder is heavily wounded.
You constrict the adder.
* * * LOW HITPOINT WARNING * * *
You feel sick. The adder bites you.
* * * LOW HITPOINT WARNING * * *
The adder bites you but does no damage.
You constrict the adder.
* * * LOW HITPOINT WARNING * * *
You feel sick.
The adder is no longer moving slowly.
The adder closely misses you.
Unknown command.
It was a potion of magic.
Magic courses through your body.
You constrict the adder.
You kill the adder!
You die...
Xom titters!

# #######.### ..# #...... ##
#.........# ##.## ##......
.###....##.#.######...####.......
.'..........)............+.......
.###.....###.######...####.......
## #.#.#.###.# ##.## ##...... #
#.........# ##).# #.......
#####.##### ###...###...##...#
#.# #@†........# ##'## #.#
#S#######.## #.# #.# #B#~~~~~#.#
#.## ..# #.'~~∩~~#.# ##... ###
#.#~~~~~#.# ##...#
#.#######..##.....
#..........###...#
##.........####.## ........##


You could see an adder and a giant cockroach.

Vanquished Creatures
  An orc priest (D:3)
  7 adders
  An adder zombie (D:2)
  2 worms (D:2)
  2 dart slugs (D:1)
  2 orcs (D:3)
  7 bats
  5 endoplasms
  3 giant cockroaches (D:1)
  5 goblins
  3 hobgoblins
  4 kobolds
  3 quokkas (D:1)
  6 ball pythons
  A quokka skeleton (D:2)
  5 rats (D:1)
57 creatures vanquished.

Notes
Turn   | Place    | Note
-------+----------+-------------------------------------------
     0 | D:1      | greggregreg the Octopode Chaos Knight began the quest for
                  | the Orb.
     0 | D:1      | Reached XP level 1. HP: 16/16 MP: 1/1
    16 | D:1      | XOM: silly message
    54 | D:1      | Reached XP level 2. HP: 21/21 MP: 2/2
   184 | D:1      | Reached skill level 1 in Stealth
   340 | D:1      | XOM: silly message
   383 | D:1      | Reached XP level 3. HP: 12/26 MP: 3/3
   460 | D:1      | XOM: silly message
   465 | D:1      | XOM: silly message
   729 | D:1      | Found Feirgh's Antique Weapon Shop.
   861 | D:2      | Gained mutation: You are strong-willed. (Will+) [potion of
                  | mutation]
   861 | D:2      | Gained mutation: Your body sometimes deteriorates upon
                  | taking damage. [potion of mutation]
   864 | D:2      | Lost mutation: You are strong-willed. (Will+) [potion of
                  | mutation]
   864 | D:2      | Lost mutation: Your body sometimes deteriorates upon taking
                  | damage. [potion of mutation]
   864 | D:2      | Gained mutation: You are occasionally teleported next to
                  | monsters. [potion of mutation]
   864 | D:2      | Gained mutation: You have supernaturally acute eyesight.
                  | (SInv) [potion of mutation]
   864 | D:2      | Gained mutation: Your spells are a little harder to cast,
                  | but a little more powerful. [potion of mutation]
   885 | D:2      | Reached skill level 2 in Stealth
   904 | D:2      | Noticed an animated storm dragon scales
   907 | D:2      | Found Kasue's Armour Boutique.
   909 | D:2      | Noticed an animated plate armour
   926 | D:2      | Found Atzoi's Antique Armour Emporium.
   939 | D:2      | Reached XP level 4. HP: 31/31 MP: 4/4
   987 | D:2      | XOM: smoke on damage
  1026 | D:2      | Found Urulexo's Magic Scroll Boutique.
  1193 | D:2      | XOM: silly message
  1245 | D:2      | Found Osoqid's Armour Shoppe.
  1290 | D:2      | XOM: silly message
  1354 | D:2      | XOM: silly message
  1373 | D:2      | Reached skill level 3 in Stealth
  1410 | D:2      | Found Zuifaura's Antique Weapon Shoppe.
  1512 | D:2      | XOM: silly message
  1653 | D:3      | XOM: noise
  1844 | D:3      | Found a glowing drain.
  1854 | D:3      | Reached XP level 5. HP: 28/37 MP: 5/5
  1865 | D:3      | XOM: noise
  1867 | D:3      | Reached skill level 4 in Stealth
  1870 | D:3      | HP: 1/37 [adder (1)]
  1872 | D:3      | Succumbed to an adder's poison

Illustrated notes

Levels and vault maps discovered:
D:1:      mrwooster_arrival_statue_2, layout_loops_cross, serial_shops,
          nicolae_square_shop, minivault_14
D:2:      layout_basic, serial_shops, nicolae_shop_crystal,
          nicolae_shop_mannequins, nicolae_shop_waterfront, shop,
          nicolae_shop_stone, serial_undead, serial_undead_c, serial_undead_a,
          serial_undead_a, serial_undead_c
D:3:      layout_loops_corners, gup_sewer_entry_glass, roderic_cross_of_infinity

Skill      XL: |  1  2  3  4  5 |
---------------+----------------+-----
Stealth        | 1 2 3 4 |  4.1
Fighting       | |  3.8
Short Blades   | |  3.9
Dodging        | |  2.9

Action                     |  1- 3 |  4- 6 || total
---------------------------+-------+-------++-------
  Melee: Short sword       |    77 |    52 ||   129
         Tentacles         |    16 |     8 ||    24
         Constrict         |    16 |    10 ||    26
         Punch             |     1 |       ||     1
    Use: Potion            |     4 |     1 ||     5
         Scroll            |     3 |     1 ||     4
   Stab: Sleeping          |     7 |     8 ||    15
         Petrifying        |     1 |       ||     1
         Distracted        |       |     1 ||     1
 Armour: Skin              |     6 |     1 ||     7
  Dodge: Dodged            |    50 |    21 ||    71
